 Dungeon Crawl Stone Soup version 0.27-a0-1456-gf5a116941d (webtiles) character file.

Game seed: 14719890238199397673

121 octoduck the Chiller (level 5, -15/35 HPs)
             Began as a Merfolk Ice Elementalist on July 7, 2021.
             Demolished by a gnoll (22 damage)
             ... on level 2 of the Dungeon.
             The game lasted 00:13:34 (3716 turns).

octoduck the Chiller (Merfolk Ice Elementalist)     Turns: 3716, Time: 00:13:35

Health: -15/35     AC:  8    Str:  8    XL:     5   Next: 5%
Magic:  2/8        EV:  6    Int: 16    God:
Gold:   38         SH:  0    Dex: 14    Spells: 1/8 levels left

rFire    . . .     SeeInvis .   i - +0 halberd
rCold    . . .     Faith    .   (shield currently unavailable)
rNeg     . . .     Spirit   .   a - +0 robe
rPois    .         Reflect  .   (no helmet)
rElec    .         Harm     .   (no cloak)
rCorr    .         Rampage  .   (no gloves)
Will     .....                  (no boots)
Stlth    ++........             (no amulet)
HPRegen  0.11/turn              (no ring)
MPRegen  0.11/turn              (no ring)

@: ice-armoured, held
A: (nimble swimmer 2), mertail
a: no special abilities


You were on level 2 of the Dungeon.
You visited 1 branch of the dungeon, and saw 2 of its levels.

You collected 38 gold pieces.

Inventory:

Hand Weapons
 d - a +0 spear
 e - a +0 hand axe
 i - a +0 halberd (weapon)
Armour
 a - a +0 robe (worn)
 b - a +0 ring mail
 h - a +0 scale mail
Scrolls
 c - a scroll of identify
Potions
 g - a potion of curing {unknown}


   Skills:
 - Level 2.6 Dodging
 - Level 2.1 Stealth
 - Level 2.0 Spellcasting
 + Level 6.8 Ice Magic


You had one spell level left.
You knew the following spells:

 Your Spells              Type           Power      Damage    Failure   Level
a - Freeze                Ice            92%        1d10      1%          1
b - Frozen Ramparts       Ice            46%        1d6       3%          3
c - Ozocubu's Armour      Ice            23%        N/A       3%          3

Your spell library contained the following spells:

 Spells                   Type           Power      Damage    Failure   Level
 Hailstorm                Conj/Ice       12%        3d5       45%         4
 Dazzling Flash           Conj/Hex       2%         N/A       52%         3
 Iskenderun's Mystic Bla  Conj/Tloc      1%         2d3       90%         4
 Starburst                Conj/Fire      0%         8x6d3     100%        6


Dungeon Overview and Level Annotations

Branches:
Dungeon (2/15)

Altars:
Qazlal

Shops:
D:2 ?[(*

Annotations:
D:2 exclusion: gnoll


Innate Abilities, Weirdness & Mutations

((You are quick and stealthy near water. (Stealth+, EV+, Speed+++)))
Your lower body shifts to a powerful aquatic tail in water.


Message History

Aim: a gnoll, wielding a +0 spear (severely wounded, about 48% to evade your +0 halberd)
You reach to attack!
You barely miss the gnoll.
The gnoll is severely wounded.
The wall freezes the gnoll.
The gnoll hits you from afar with a +0 spear.
Reach: i) +0 halberd
Press: ? - help, Dir - move target, f/p - gnoll
Aim: a gnoll, wielding a +0 spear (almost dead, about 48% to evade your +0 halberd)
You reach to attack!
You barely miss the gnoll.
The gnoll is almost dead.
The wall freezes the gnoll.
The gnoll closely misses you.
The wall freezes the gnoll.
You kill the gnoll!
You have reached level 5!
You feel clever.
You start resting.
A gnoll comes into view.
It is wielding a +1 spear of distortion.
The gnoll throws a throwing net.
The throwing net hits you.
You become entangled in the net!
You struggle against the net.
The frozen ramparts melt away.
You tear a large gash into the net.
You rip the net and break free!
The gnoll throws a throwing net.
The throwing net hits you.
You become entangled in the net!
Casting: Ozocubu's Armour (dangerous; 3% risk of failure)
Confirm with . or Enter, or press ? or * to list all spells.
You don't have enough magic to cast this spell.
You struggle against the net.
The gnoll hits you from afar with a +1 spear of distortion.
Space warps horribly around you!
You struggle against the net.
The gnoll hits you from afar with a +1 spear of distortion.
Space bends around you.
* * * LOW HITPOINT WARNING * * *
This is a scroll of acquirement!
Something appears at your feet!
The gnoll hits you from afar with a +1 spear of distortion.
* * * LOW HITPOINT WARNING * * *
Space warps horribly around you!!
Ouch! That really hurt!
You die...

###.....g.....#.# #...#
#######..##.#.# #...# #
########......#.# #...##### #
#.....###.......######........
##.#.....###.#.#.#...........###.
...#..(..†...#.......>.......# #.
####.....###.###g#...........###.
####.....# #(..).########........
..######## #####@# #)..##.#. #†#
#....# ###)..##.## #.# #....#
#.<......## #.#### #...##
#.#...#.... .....# ##.## ###
#.#........ #.##.# #.#
##.###.#...#.##.
####.#########.###.#.##..###..##.
#..>........#..###....# #..##.
#############......##.###.....


You could see a gnoll.

Vanquished Creatures
  5 gnolls
  2 adders (D:2)
  A worm (D:2)
  3 ball pythons
  7 endoplasms
  4 giant cockroaches
  A goblin (D:2)
  7 hobgoblins
  6 jackals
  3 quokkas
  3 bats
  5 frilled lizards
  2 kobolds
  2 rats
51 creatures vanquished.

Notes
Turn   | Place    | Note
-------+----------+-------------------------------------------
     0 | D:1      | octoduck the Merfolk Ice Elementalist began the quest for
                  | the Orb.
     0 | D:1      | Reached XP level 1. HP: 13/13 MP: 3/3
    22 | D:1      | Found a faded altar of an unknown god.
   376 | D:1      | Reached XP level 2. HP: 19/19 MP: 1/5
   522 | D:1      | Reached skill level 5 in Ice Magic
  1521 | D:1      | Reached XP level 3. HP: 22/24 MP: 3/6
  1973 | D:2      | Found Iwuismos's Antique Weapon Emporium.
  2076 | D:2      | Found Zaon's General Store.
  2379 | D:2      | Reached skill level 6 in Ice Magic
  2490 | D:1      | Reached XP level 4. HP: 7/30 MP: 3/7
  2787 | D:1      | Learned a level 3 spell: Frozen Ramparts
  2791 | D:1      | Learned a level 3 spell: Ozocubu's Armour
  2906 | D:2      | Found a stormy altar of Qazlal.
  3476 | D:2      | Found Neobekh's Magic Scroll Shop.
  3476 | D:2      | Found Wawaud's Armour Shop.
  3708 | D:2      | Reached XP level 5. HP: 33/35 MP: 1/8
  3716 | D:2      | Identified a scroll of acquirement
  3716 | D:2      | Acquired an amulet of reflection
  3716 | D:2      | Demolished by a gnoll

Illustrated notes

Levels and vault maps discovered:
D:1:      dpeg_arrival_arbitrary_b, layout_loops_ring,
          chequers_ecumenical_altar_simple_redux
D:2:      layout_loops_cross, serial_shops, shop, nicolae_shop_trees,
          nicolae_shop_statue_plus, shop, nicolae_shop_crystal, basic_altar

Skill      XL: |  1  2  3 |
---------------+----------+-----
Ice Magic      | 5 6 |  6.8
Dodging        | |  2.6
Stealth        | |  2.1
Spellcasting   | |  2.0

Action                   |  1- 3 |  4- 6 || total
-------------------------+-------+-------++-------
Melee: Hand axe          |     9 |     3 ||    12
       Spear             |       |     8 ||     8
       Halberd           |       |     2 ||     2
 Cast: Freeze            |    67 |    11 ||    78
       Ozocubu's Armour  |       |     3 ||     3
       Frozen Ramparts   |       |     3 ||     3
  Use: Scroll            |     1 |     1 ||     2
Armor: Robe              |     9 |     4 ||    13
Dodge: Dodged            |    25 |    13 ||    38

Table legend: (Time is in decaauts)
 A = Elapsed time spent in this place.
 B = Non-inter-level travel time spent in this place.
 C = Inter-level travel time spent in this place.
 D = Time resting spent in this place.
 E = Time spent auto-exploring this place.
 F = Levels seen in this place.
 G = Mean time per level.
                   A        B        C        D        E       F      G
               +--------+--------+--------+--------+--------+-----+--------+
         Total |   3722 |   3362 |    360 |   1270 |   1265 |   2 | 1861.0 |
       Dungeon |   3722 |   3362 |    360 |   1270 |   1265 |   2 | 1861.0 |
               +--------+--------+--------+--------+--------+-----+--------+

Top non-repeatable levels by time:
     D:1: 2319 daAuts
     D:2: 1402 daAuts
